 Dungeon Crawl Stone Soup version 0.20.0-15-g7f486f2 (webtiles) character file.

1211 Naow the Magician (level 8, -4/41 HPs)
             Began as a Deep Elf Fire Elementalist on June 11, 2017.
             Shot with an arrow by a centaur (9 damage)
             ... on level 5 of the Dungeon.
             The game lasted 00:08:59 (5854 turns).

Naow the Magician (Deep Elf Fire Elementalist)      Turns: 5854, Time: 00:09:00

Health: -4/41      AC:  3    Str:  5      XL:     8   Next: 22%
Magic:  13/21      EV: 13    Int: 25      God:
Gold:   214        SH:  0    Dex: 13 (15) Spells: 5/22 levels left

rFire    . . .     SeeInvis .   H - +1 dagger (venom)
rCold    . . .     Gourm    .   (no shield)
rNeg     . . .     Faith    .   a - +0 robe
rPois    .         Spirit   .   (no helmet)
rElec    .         Reflect  .   (no cloak)
rCorr    .         Harm     .   y - +0 pair of gloves
MR       .....                  (no boots)
Stlth    ++........             t - amulet of regeneration (curse)
Regen    0.6/turn               g - +2 ring of intelligence
MPRegen  0.2/turn               (no ring)

@: no status effects
A: no striking features
a: no special abilities


You were on level 5 of the Dungeon.
You were not hungry.

You visited 1 branch of the dungeon, and saw 5 of its levels.

You collected 308 gold pieces.
You spent 94 gold pieces at shops.

Inventory:

Hand Weapons
 H - a +1 dagger of venom (weapon)
Armour
 a - a +0 robe (worn)
 y - a +0 pair of gloves (worn)
Jewellery
 g - a +2 ring of intelligence (left hand)
 t - a cursed amulet of regeneration (around neck)
 w - a cursed amulet of inaccuracy {unknown}
Wands
 m - a wand of enslavement (4/24)
 u - a wand of scattershot (3/9)
 F - a wand of disintegration (9/24)
Scrolls
 d - 2 scrolls of identify {unknown}
 j - a scroll of blinking {unknown}
 k - 3 scrolls of teleportation {unknown}
 o - 6 scrolls of magic mapping {unknown}
 p - 6 scrolls of enchant armour {unknown}
 q - 4 scrolls of remove curse {unknown}
 s - a scroll of recharging {unknown}
 x - a scroll of enchant weapon {unknown}
 D - a scroll of random uselessness {unknown}
Potions
 e - a potion of agility {unknown}
 h - 2 potions of heal wounds {unknown}
 i - a potion of brilliance {unknown}
 l - 2 potions of curing {unknown}
 n - 2 potions of lignification {unknown}
 r - a potion of resistance {unknown}
 v - a potion of might {unknown}
 C - 2 potions of magic {unknown}
 G - a potion of haste {unknown}
Books
 b - a book of Flames

   Spells                             Type                      Level
   a - Flame Tongue                   Conjuration/Fire             1
   b - Throw Flame                    Conjuration/Fire             2
   c - Conjure Flame                  Conjuration/Fire             3
   d - Inner Flame                    Hexes/Fire                   3
   e - Sticky Flame                   Conjuration/Fire             4
   f - Fireball                       Conjuration/Fire             5
 z - a book of Maledictions

   Spells                             Type                      Level
   a - Corona                         Hexes                        1
   b - Ensorcelled Hibernation        Hexes/Ice                    2
   c - Confuse                        Hexes                        3
   d - Tukima's Dance                 Hexes                        3
   e - Dazzling Spray                 Conjuration/Hexes            3
Comestibles
 c - 5 bread rations
 f - 6 fruits
 B - a meat ration
 E - a royal jelly


   Skills:
 - Level 2.4 Dodging
 - Level 2.4 Stealth
 + Level 7.9 Spellcasting
 + Level 6.3 Conjurations
 + Level 7.0 Fire Magic


You had 5 spell levels left.
You knew the following spells:

 Your Spells              Type           Power        Failure   Level  Hunger
a - Flame Tongue          Conj/Fire      #####        1%          1    None
b - Throw Flame           Conj/Fire      #####.       1%          2    None
c - Conjure Flame         Conj/Fire      #####...     1%          3    None
d - Sticky Flame          Conj/Fire      #####...     3%          4    ##.....
e - Fireball              Conj/Fire      #####.....   11%         5    #####..
f - Ensorcelled Hibernat  Hex/Ice        #.....       10%         2    None


Dungeon Overview and Level Annotations

Branches:
Dungeon (5/15)
 Temple: D:4-7

Altars:
Sif Muna

Shops:
D:4 :[*=(


Message History

The hound bites you but does no damage. The hound bites you.
The centaur shoots an arrow.
The arrow hits you!
* * * LOW HITPOINT WARNING * * *
Casting: Flame Tongue
Confirm with . or Enter, or press ? or * to list all spells.
Aiming: Sticky Flame
Press: ? - help, Shift-Dir - straight line, f/p - hound
Aim: a hound (almost dead)
The sticky flame hits the hound.
You kill the hound!
Your Fire Magic skill increases to level 7!
Casting: Sticky Flame
Confirm with . or Enter, or press ? or * to list all spells.
Aiming: Throw Flame
Press: ? - help, Shift-Dir - straight line, f - centaur
Aim: a centaur, wielding a shortbow The puff of flame hits the centaur.
The centaur is moderately wounded.
The centaur shoots an arrow.
The arrow hits you!
You die...

..#..# ##..#...# #.#..#
#.....###.^.##...#..##..
...........####.........
...#......# ......##.
##.....# #..#.# ##
#..###.... ###. # #..#
#... # # ###..# .#.. #
#...@## # . # .#
.....##((#
.####.###...##
#...c.c... ...........
#......### ..........
..#..#.# #.)###....
...#.## # #..# ...
#..##.# (..## .# # ...
.. ....#.# ###. ..


You could see a centaur.

Vanquished Creatures
  Pikel (D:4)
  An ice beast (D:4)
  3 slaves (D:4)
  A centaur (D:5)
  2 hounds (D:5)
  A quasit (D:5)
  An orc priest (D:3)
  5 orc wizards
  Natasha (thrice) (D:2)
  Ijyb (D:3)
  2 worker ants
  The ghost of dscm the Sneak, a weakling KoAs of Fedhas (D:3)
  Robin (D:3)
  7 adders
  An ooze (D:3)
  A worm (D:4)
  A dart slug (D:1)
  3 leopard geckos
  7 orcs (D:3)
  10 bats
  A giant cockroach (D:2)
  13 goblins
  12 hobgoblins
  6 jackals
  4 quokkas
  2 ball pythons
  5 frilled lizards
  13 kobolds
  A quokka skeleton (D:5)
  A quokka zombie (D:5)
  6 rats
117 creatures vanquished.

Notes
Turn   | Place    | Note
-------+----------+-------------------------------------------
     0 | D:1      | Naow the Deep Elf Fire Elementalist began the quest for the Orb.
     0 | D:1      | Reached XP level 1. HP: 10/10 MP: 6/6
   265 | D:1      | Reached XP level 2. HP: 15/15 MP: 6/8
  1373 | D:2      | Noticed Natasha
  1377 | D:2      | Killed Natasha
  1377 | D:2      | Reached XP level 3. HP: 19/19 MP: 7/10
  1827 | D:2      | Reached XP level 4. HP: 24/24 MP: 6/11
  1919 | D:2      | Noticed Natasha
  1924 | D:2      | Killed Natasha
  2237 | D:2      | Noticed Natasha
  2246 | D:2      | Killed Natasha
  2246 | D:2      | Reached XP level 5. HP: 22/28 MP: 10/13
  2539 | D:3      | Noticed dscm's ghost (weakling KoAs)
  2547 | D:3      | Killed dscm's ghost
  2618 | D:3      | Noticed Robin
  2638 | D:3      | Killed Robin
  2782 | D:3      | Noticed Ijyb
  2789 | D:3      | Killed Ijyb
  2789 | D:3      | Reached skill level 5 in Spellcasting
  2939 | D:3      | Reached XP level 6. HP: 32/32 MP: 8/16
  2960 | D:3      | Reached skill level 5 in Fire Magic
  3116 | D:2      | Learned a level 2 spell: Throw Flame
  3120 | D:2      | Learned a level 3 spell: Conjure Flame
  3125 | D:2      | Learned a level 4 spell: Sticky Flame
  3131 | D:2      | Learned a level 5 spell: Fireball
  3856 | D:4      | Found Pynluicw's Antique Armour Shop.
  3894 | D:4      | Noticed Pikel
  3894 | D:4      | Noticed a slave
  3894 | D:4      | Noticed a slave
  3894 | D:4      | Noticed a slave
  3894 | D:4      | Noticed a slave
  3907 | D:4      | Killed a slave
  4113 | D:4      | Found Zosovit's Weapon Shop.
  4240 | D:4      | Found Bomeit's General Store.
  4453 | D:4      | Found Lixkaes's Book Boutique.
  4611 | D:4      | Found a deep blue altar of Sif Muna.
  4846 | D:4      | Killed a slave
  4970 | D:4      | Found Ytosuox's Jewellery Shoppe.
  5027 | D:4      | Killed Pikel
  5027 | D:4      | Reached skill level 5 in Conjurations
  5027 | D:4      | Reached XP level 7. HP: 36/36 MP: 5/19
  5221 | D:4      | Reached XP level 8. HP: 41/41 MP: 14/21
  5271 | D:5      | Entered Level 5 of the Dungeon
  5402 | D:5      | Learned a level 2 spell: Ensorcelled Hibernation
  5513 | D:4      | Bought a +1 dagger of venom for 94 gold pieces
  5854 | D:5      | Shot with an arrow by a centaur

Skill      XL: |  1  2  3  4  5  6  7  8 |
---------------+-------------------------+-----
Conjurations   | 2 3 4 5 6 |  6.3
Fire Magic     | 4 6 7 |  7.0
Spellcasting   | 4 5 7 |  7.9
Dodging        | |  2.4
Stealth        | |  2.4

Action                   |  1- 3 |  4- 6 |  7- 9 || total
-------------------------+-------+-------+-------++-------
Melee: Unarmed           |    13 |     4 |       ||    17
       Dagger            |       |       |     3 ||     3
 Cast: Flame Tongue      |    51 |   162 |    33 ||   246
       Throw Flame       |       |    11 |     3 ||    14
       Conjure Flame     |       |     4 |       ||     4
       Sticky Flame      |       |       |     2 ||     2
 Stab: Sleeping          |     1 |       |       ||     1
  Eat: Chunk             |     3 |     9 |     3 ||    15
Armor: Robe              |     5 |     8 |    11 ||    24
Dodge: Dodged            |    22 |    41 |    27 ||    90
